 Dungeon Crawl Stone Soup version 0.29.1-2-gbd0b4ee654 (webtiles) character file.

Game seed: 9073920124890367225

542 leafyfresh the Ducker (level 7, 0/67 HPs)
             Began as a Djinni Ice Elementalist on Nov 18, 2022.
             Slain by a phantom (3 damage)
             ... on level 4 of the Dungeon.
             The game lasted 00:08:55 (6264 turns).

leafyfresh the Ducker (Djinni Ice Elementalist)     Turns: 6264, Time: 00:08:56

Health: 0/67       AC:  2    Str:  7    XL:     7   Next: 52%
Gold:   340        EV: 14    Int: 19    God:
                   SH:  0    Dex: 13

rFire   + + .      SeeInvis .   w - +2 dagger (speed)
rCold   x . .      Faith    .   (no shield)
rNeg    . . .      Spirit   .   a - +0 robe
rPois   ∞          Reflect  .   (no helmet)
rElec   .          Harm     .   n - scarf {repulsion}
rCorr   .          Rampage  .   (no gloves)
Will    .....                   (boots unavailable)
Stlth   ..........              (no amulet)
HPRegen 0.21/turn               (no ring)
MPRegen 0.00/turn               (no ring)

@: berserking, sluggish, flying, repel missiles
A: sickness immunity, fire resistance 2, cold vulnerability 1, float, innate
caster, HP casting, extra vitality 1
a: no special abilities


You were on level 4 of the Dungeon.
You visited 1 branch of the dungeon, and saw 5 of its levels.

You collected 340 gold pieces.

Inventory:

Hand Weapons
 c - a +0 dagger
 t - a +0 hand axe of flaming
 w - a +2 dagger of speed (weapon)
Missiles
 r - a throwing net
Armour
 a - a +0 robe (worn)
 n - a scarf of repulsion (worn)
Scrolls
 d - 3 scrolls of vulnerability {unknown}
 f - 2 scrolls of teleportation {unknown}
 h - 3 scrolls of enchant armour {unknown}
 i - 2 scrolls of blinking {unknown}
 j - a scroll of silence {unknown}
 m - 3 scrolls of identify {unknown}
 o - 2 scrolls of noise {unknown}
 q - a scroll of magic mapping {unknown}
 u - a scroll of immolation {unknown}
Potions
 b - a potion of berserk rage
 g - a potion of brilliance {unknown}
 k - a potion of ambrosia {unknown}
 l - 2 potions of attraction {unknown}
 p - 2 potions of flight {unknown}
 s - a potion of magic {unknown}
 v - 3 potions of might {unknown}


   Skills:
 + Level 6.1 Dodging
 - Level 1.5 Stealth
 + Level 5.2 Spellcasting


You couldn't memorise any spells.
You knew the following spells:

 Your Spells              Type           Power      Damage    Failure   Level
a - Freeze                Ice            96%        1d11      1%          1
b - Frozen Ramparts       Ice            48%        1d8       4%          3
c - Ozocubu's Armour      Ice            24%        N/A       4%          3
d - Hailstorm             Conj/Ice       24%        3d7       14%         4
e - Shock                 Conj/Air       96%        1d9       1%          1
f - Wereblood             Tmut           24%        N/A       2%          2
g - Swiftness             Air            24%        N/A       4%          3
Your spell library was empty.

Dungeon Overview and Level Annotations

Branches:
Dungeon (5/15)
 Temple: D:4-7

Altars:
Dithmenos
Nemelex Xobeh
Wu Jian


Innate Abilities, Weirdness & Mutations

You are immune to sickness and miasma.
You are immune to poison.
Your flesh is very heat resistant. (rF++)
You are vulnerable to cold. (rC-)
You float through the air rather than walking.
You learn spells naturally, not from books.
Your magical power is your life essence.
You have superior vitality. (+4 MHP)


Message History

a +0 dagger; an orc skeleton You closely miss the phantom.
The phantom closely misses you. The phantom hits you. The phantom hits you.
The phantom blinks!
You blink.
You barely miss the phantom. The phantom misses you. The phantom hits you.
* * * LOW HITPOINT WARNING * * *
The phantom completely misses you.
There is an open door here.
There is a stone staircase leading up here.
The phantom hits you but does no damage.
You fly upwards.
There is a stone staircase leading down here.
You start to feel a little slower.
You feel sluggish. The phantom hits you.
* * * LOW HITPOINT WARNING * * *
The phantom attacks as you move away! The phantom hits you.
* * * LOW HITPOINT WARNING * * *
The phantom attacks as you move away! The phantom hits you.
* * * LOW HITPOINT WARNING * * *
You start to feel a little faster.
The phantom hits you.
* * * LOW HITPOINT WARNING * * *
The phantom blinks!
You blink.
It was a potion of berserk rage.
A red film seems to cover your vision as you go berserk!
You feel yourself moving faster!
You feel mighty! The phantom completely misses you.
Unknown command.
You miss the phantom. You barely miss the phantom.
Your punch misses the phantom.
The phantom hits you but does no damage.
You puncture the phantom!
The phantom is moderately damaged.
You hit the phantom.
The phantom is heavily damaged.
You puncture the phantom!
The phantom is almost destroyed.
The phantom hits you.
You die...

#..# #)...#....#...#
#..# #....#..[.#...#
#<.###'####'#####..#
####...#..........##..#
#......#.........†#...#
####
#.###..#####..##).'...#
#... #.# ##.#
#.############ #.## #.#
#.# ##.## ##...# #.#
..# #.# ##§###@##.# #.#
#.## #.# ##..W###.#
#######.## ...###.##
##..# #.####.........
##.##.#.##
#..###........(...##
##...###.#
#...................
.#.##.#.##
#...#####...########
.#.#...## #.#.# #...#
.....### #...# #.>.#
.#.#.# ###.# #.###


You could see a phantom.

Vanquished Creatures
  2 ogres
  A phantom (D:4)
  A bullfrog (D:4)
  An orc priest (D:5)
  2 orc wizards
  4 adders
  2 worms
  15 orcs
  2 bats
  5 endoplasms
  3 giant cockroaches (D:3)
  11 goblins
  11 hobgoblins
  7 jackals
  10 kobolds
  3 quokkas
  9 ball pythons
  6 frilled lizards
  8 rats
103 creatures vanquished.

Notes
Turn   | Place    | Note
-------+----------+-------------------------------------------
     0 | D:1      | leafyfresh the Djinni Ice Elementalist began the quest for
                  | the Orb.
     0 | D:1      | leafyfresh set off with the following spells memorised:
                  | Freeze, Frozen Ramparts, Ozocubu's Armour, Hailstorm.
     0 | D:1      | Reached XP level 1. HP: 15/15 MP: 0/0
   110 | D:1      | Found a faded altar of an unknown god.
   483 | D:1      | Reached XP level 2. HP: 18/21 MP: 0/0
  1080 | D:1      | Reached skill level 3 in Dodging
  1080 | D:1      | Reached XP level 3. HP: 19/25 MP: 0/0
  1080 | D:1      | Learned a level 1 spell: Shock
  1629 | D:2      | Identified the +4 dagger "Qanimy" {freeze, rElec Dex+3}
  2573 | D:2      | Reached XP level 4. HP: 25/31 MP: 0/0
  2984 | D:3      | Found an ornate altar of the Wu Jian Council.
  3047 | D:3      | Found a shadowy altar of Dithmenos.
  3409 | D:3      | Reached skill level 4 in Dodging
  3454 | D:3      | Reached XP level 5. HP: 34/35 MP: 0/0
  3454 | D:3      | Learned a level 2 spell: Wereblood
  3848 | D:4      | Noticed a bullfrog
  3858 | D:4      | Killed a bullfrog
  4334 | D:4      | Reached XP level 6. HP: 25/40 MP: 0/0
  4587 | D:4      | Noticed an ogre
  4599 | D:4      | Killed an ogre
  4600 | D:4      | Reached skill level 5 in Dodging
  5270 | D:4      | Found a sparkling altar of Nemelex Xobeh.
  5324 | D:4      | Reached XP level 7. HP: 18/45 MP: 0/0
  5324 | D:4      | Learned a level 3 spell: Swiftness
  5817 | D:5      | Entered Level 5 of the Dungeon
  5827 | D:5      | Reached skill level 6 in Dodging
  5827 | D:5      | Reached skill level 5 in Spellcasting
  6258 | D:4      | HP: 1/45 [phantom (5)]
  6264 | D:4      | Slain by a phantom

Illustrated notes

Levels and vault maps discovered:
D:1:      dpeg_arrival_round_b, layout_loops_ring,
          hellmonk_ecumenical_altar_lost_god, minmay_pentomino_t4
D:2:      layout_rooms, minmay_increasing_density
D:3:      layout_rooms, nicolae_overflow_crystal_walls,
          mainiacjoe_overflow_catwalk, grunt_ministairs_14
D:4:      minmay_chambers_of_twos, layout_loops_ring, old_standard_altar,
          nemelex_spade_bored_becter
D:5:      layout_gridville, lemuel_round_altar, tso_metal_star,
          minmay_misc_feat_encased

Skill      XL: |  1  2  3  4  5  6  7 |
---------------+----------------------+-----
Dodging        | 3 4 5 6 |  6.1
Spellcasting   | 4 5 |  5.2
Stealth        | |  1.5

Action                   |  1- 3 |  4- 6 |  7- 9 || total
-------------------------+-------+-------+-------++-------
Melee: Unarmed           |     7 |       |       ||     7
       Dagger            |    29 |   106 |    12 ||   147
       Hand axe          |       |     7 |       ||     7
 Cast: Freeze            |    52 |    25 |     4 ||    81
       Frozen Ramparts   |       |    13 |     3 ||    16
       Ozocubu's Armour  |       |     3 |     2 ||     5
       Shock             |       |     6 |     1 ||     7
       Swiftness         |       |       |     1 ||     1
       Hailstorm         |       |       |     1 ||     1
  Use: Scroll            |       |     1 |       ||     1
       Potion            |       |     3 |     2 ||     5
 Stab: Sleeping          |     1 |     4 |       ||     5
Armor: Robe              |    15 |    12 |     4 ||    31
Dodge: Dodged            |    48 |    92 |    14 ||   154
